Workbook

Sheet Расчет ФФП
A1: Расчет фонда финансовой поддержки поселений
A3: Объем ФФП в текущем году | B3: Индекс потребительских цен в Республике Алтай | C3: Общий объем районного фонда финансовой поддержки на 2017 год
A4: 7160.3 | B4: 0 | C4: 8318
A6: Расчет размера дотаций на выравнивание бюджетной обеспеченности бюджетам сельских поселений за счет средств местного бюджета на 2025-2027 годы
A8: Прогноз налоговых доходов бюджетов поселений | B8: Общий объем районного фонда финансовой поддержки на 2025 год | C8: Уровень бюджетной обеспеченности, установленный в качестве критерия
A9: 45964.1 | B9: 23845.1 | C9: 1.756 | D9: не ниже 2023г.

Sheet Расчет К удорожания
A1: Расчет коэффициентов удорожания
F3: Расчет коэффициентов удорожания
A4: № п/п | B4: Сельское поселение | C4: Расстояние от административного центра до поселения | D4: Установленная стоимость 1тн/км перевозки грузов | E4: Стоимость фиксированного набора товаров и услуг | F4: К цен | G4: числен-ность насе-ления | H4: Удельный вес численности постоянного населения в поселении, имеющего максимальную численность в общей численности населения | I4: Средняя числен-ность насе-ления | J4: К масштаба | K4: площадь жилого фонда | L4: числен-ность насе-ления | M4: общая площадь жилого фонда | N4: Общая численность населения | O4: К дифференциации расходов | P4: площадь территории | Q4: численность населения | R4: общая площадь территории | S4: Общая численность населения | T4: К плотности населения расчетный | U4: К плотности населения с корректировкой | V4: Количество сел с численностью постоянного населения не более 500 человек в поселении | W4: Количество сел в поселении | X4: Всего количество сел с численностью не более 500 человек | Y4: Общее количество сел в районе | Z4: К дисперсности расселения
A5: 1 | B5: СП Анос | C5: 25 | D5: 100 | E5: 23518 | F5: =(C5*D5+E5)/E5 -> 1.1063016 | G5: 767 | H5: =G9/G12 -> 0.45240125 | I5: =G12/7 -> 1508.1429 | J5: =(1-H5)+H5*I5/G5 -> 1.4371499 | K5: 12.1 | L5: 767 | M5: =K12 -> 271.8 | N5: =G12 -> 10557 | O5: =(K5/L5)/(M5/N5) -> 0.61274683 | P5: 185 | Q5: 767 | R5: =P12 -> 3019 | S5: =N5 -> 10557 | T5: =(P5/Q5)/($R$5/$S$5) -> 0.84343918 | U5: =(P5/Q5)/(R5/S5) -> 0.84343918 | V5: 3 | W5: 3 | X5: =V12 -> 16 | Y5: =W12 -> 19 | Z5: =(1+V5/W5)/(1+X5/Y5) -> 1.0857143
A6: 2 | B6: СП Бешпельтир | C6: 31 | D6: 100 | E6: 23518 | F6: =(C6*D6+E6)/E6 -> 1.1318139 | G6: 432 | H6: =H5 -> 0.45240125 | I6: =I5 -> 1508.1429 | J6: =(1-H6)+H6*I6/G6 -> 2.1269638 | K6: 9.2 | L6: 432 | M6: =K12 -> 271.8 | N6: =G12 -> 10557 | O6: =(K6/L6)/(M6/N6) -> 0.82717071 | P6: 173 | Q6: 432 | R6: =P12 -> 3019 | S6: =N6 -> 10557 | T6: =(P6/Q6)/($R$5/$S$5) -> 1.4003602 | U6: =(P6/Q6)/(R6/S6) -> 1.4003602 | V6: 1 | W6: 1 | X6: =V12 -> 16 | Y6: =W12 -> 19 | Z6: =(1+V6/W6)/(1+X6/Y6) -> 1.0857143
A7: 3 | B7: СП Куюс | C7: 54 | D7: 100 | E7: 23518 | F7: =(C7*D7+E7)/E7 -> 1.2296114 | G7: 501 | H7: =H5 -> 0.45240125 | I7: =I5 -> 1508.1429 | J7: =(1-H7)+H7*I7/G7 -> 1.9094465 | K7: 17 | L7: 501 | M7: =K12 -> 271.8 | N7: =G12 -> 10557 | O7: =(K7/L7)/(M7/N7) -> 1.3179601 | P7: 583 | Q7: 501 | R7: =P12 -> 3019 | S7: =N7 -> 10557 | T7: =(P7/Q7)/($R$5/$S$5) -> 4.0691925 | U7: 1.8 | V7: 3 | W7: 3 | X7: =V12 -> 16 | Y7: =W12 -> 19 | Z7: =(1+V7/W7)/(1+X7/Y7) -> 1.0857143
A8: 4 | B8: СП Узнезя | C8: 18 | D8: 100 | E8: 23518 | F8: =(C8*D8+E8)/E8 -> 1.0765371 | G8: 906 | H8: =H5 -> 0.45240125 | I8: =I5 -> 1508.1429 | J8: =(1-H8)+H8*I8/G8 -> 1.3006735 | K8: 29.5 | L8: 906 | M8: =K12 -> 271.8 | N8: =G12 -> 10557 | O8: =(K8/L8)/(M8/N8) -> 1.2646923 | P8: 190 | Q8: 906 | R8: =P12 -> 3019 | S8: =N8 -> 10557 | T8: =(P8/Q8)/($R$5/$S$5) -> 0.73333567 | U8: =(P8/Q8)/(R8/S8) -> 0.73333567 | V8: 4 | W8: 4 | X8: =V12 -> 16 | Y8: =W12 -> 19 | Z8: =(1+V8/W8)/(1+X8/Y8) -> 1.0857143
A9: 5 | B9: СП Чемал | C9: 0 | D9: 100 | E9: 23518 | F9: =(C9*D9+E9)/E9 -> 1 | G9: 4776 | H9: =H5 -> 0.45240125 | I9: =I5 -> 1508.1429 | J9: =(1-H9)+H9*I9/G9 -> 0.69045589 | K9: 131.2 | L9: 4776 | M9: =K12 -> 271.8 | N9: =G12 -> 10557 | O9: =(K9/L9)/(M9/N9) -> 1.0669906 | P9: 1338 | Q9: 4776 | R9: =P12 -> 3019 | S9: =N9 -> 10557 | T9: =(P9/Q9)/($R$5/$S$5) -> 0.97964608 | U9: =(P9/Q9)/(R9/S9) -> 0.97964608 | V9: 3 | W9: 4 | X9: =V12 -> 16 | Y9: =W12 -> 19 | Z9: =(1+V9/W9)/(1+X9/Y9) -> 0.95
A10: 6 | B10: СП Чепош | C10: 31 | D10: 100 | E10: 23518 | F10: =(C10*D10+E10)/E10 -> 1.1318139 | G10: 1255 | H10: =H5 -> 0.45240125 | I10: =I5 -> 1508.1429 | J10: =(1-H10)+H10*I10/G10 -> 1.0912527 | K10: 23.7 | L10: 1255 | M10: =K12 -> 271.8 | N10: =G12 -> 10557 | O10: =(K10/L10)/(M10/N10) -> 0.73349252 | P10: 122 | Q10: 1255 | R10: =P12 -> 3019 | S10: =N10 -> 10557 | T10: =(P10/Q10)/($R$5/$S$5) -> 0.33993315 | U10: =(P10/Q10)/(R10/S10) -> 0.33993315 | V10: 1 | W10: 2 | X10: =V12 -> 16 | Y10: =W12 -> 19 | Z10: =(1+V10/W10)/(1+X10/Y10) -> 0.81428571
A11: 7 | B11: СП Эликманар | C11: 9 | D11: 100 | E11: 23518 | F11: =(C11*D11+E11)/E11 -> 1.0382686 | G11: 1920 | H11: =H5 -> 0.45240125 | I11: =I5 -> 1508.1429 | J11: =(1-H11)+H11*I11/G11 -> 0.90295589 | K11: 49.1 | L11: 1920 | M11: =K12 -> 271.8 | N11: =G12 -> 10557 | O11: =(K11/L11)/(M11/N11) -> 0.99327918 | P11: 428 | Q11: 1920 | R11: =P12 -> 3019 | S11: =N11 -> 10557 | T11: =(P11/Q11)/($R$5/$S$5) -> 0.77950687 | U11: =(P11/Q11)/(R11/S11) -> 0.77950687 | V11: 1 | W11: 2 | X11: =V12 -> 16 | Y11: =W12 -> 19 | Z11: =(1+V11/W11)/(1+X11/Y11) -> 0.81428571
B12: Итого: | G12: =SUM(G5:G11) -> 10557 | K12: =SUM(K5:K11) -> 271.8 | L12: =SUM(L5:L11) -> 10557 | P12: =SUM(P5:P11) -> 3019 | Q12: =SUM(Q5:Q11) -> 10557 | V12: =SUM(V5:V11) -> 16 | W12: =SUM(W5:W11) -> 19

Sheet Расчет удельного веса расходов
C1: Расчет удельного веса расходов
A2: № п/п | B2: Сельское поселение | C2: а1 (содержан.ОМСУ) | D2: К масштаба | E2: а2 (благ-во) | F2: К жф | G2: а3 (прочие расходы) | H2: К плотности населения | I2: К диссперсности расселения | J2: К структуры потребителей мун услуг
A3: 1 | B3: СП Анос | C3: =C20/F20 -> 0.15431458 | D3: ='Расчет К удорожания'!J5 -> 1.4371499 | E3: =D20/F20 -> 0.42729985 | F3: ='Расчет К удорожания'!O5 -> 0.61274683 | G3: =E20/F20 -> 0.41838557 | H3: ='Расчет К удорожания'!U5 -> 0.84343918 | I3: ='Расчет К удорожания'!Z5 -> 1.0857143 | J3: =C3*D3+E3*F3+G3*H3*I3 -> 0.86672969
A4: 2 | B4: СП Бешпельтир | C4: =C3 -> 0.15431458 | D4: ='Расчет К удорожания'!J6 -> 2.1269638 | E4: =E3 -> 0.42729985 | F4: ='Расчет К удорожания'!O6 -> 0.82717071 | G4: =G3 -> 0.41838557 | H4: ='Расчет К удорожания'!U6 -> 1.4003602 | I4: ='Расчет К удорожания'!Z6 -> 1.0857143 | J4: =C4*D4+E4*F4+G4*H4*I4 -> 1.3177811
A5: 3 | B5: СП Куюс | C5: =C3 -> 0.15431458 | D5: ='Расчет К удорожания'!J7 -> 1.9094465 | E5: =E3 -> 0.42729985 | F5: ='Расчет К удорожания'!O7 -> 1.3179601 | G5: =G3 -> 0.41838557 | H5: ='Расчет К удорожания'!U7 -> 1.8 | I5: ='Расчет К удорожания'!Z7 -> 1.0857143 | J5: =C5*D5+E5*F5+G5*H5*I5 -> 1.6754645
A6: 4 | B6: СП Узнезя | C6: =C3 -> 0.15431458 | D6: ='Расчет К удорожания'!J8 -> 1.3006735 | E6: =E3 -> 0.42729985 | F6: ='Расчет К удорожания'!O8 -> 1.2646923 | G6: =G3 -> 0.41838557 | H6: ='Расчет К удорожания'!U8 -> 0.73333567 | I6: ='Расчет К удорожания'!Z8 -> 1.0857143 | J6: =C6*D6+E6*F6+G6*H6*I6 -> 1.0742314
A7: 5 | B7: СП Чемал | C7: =C3 -> 0.15431458 | D7: ='Расчет К удорожания'!J9 -> 0.69045589 | E7: =E3 -> 0.42729985 | F7: ='Расчет К удорожания'!O9 -> 1.0669906 | G7: =G3 -> 0.41838557 | H7: ='Расчет К удорожания'!U9 -> 0.97964608 | I7: ='Расчет К удорожания'!Z9 -> 0.95 | J7: =C7*D7+E7*F7+G7*H7*I7 -> 0.95184862
A8: 6 | B8: СП Чепош | C8: =C3 -> 0.15431458 | D8: ='Расчет К удорожания'!J10 -> 1.0912527 | E8: =E3 -> 0.42729985 | F8: ='Расчет К удорожания'!O10 -> 0.73349252 | G8: =G3 -> 0.41838557 | H8: ='Расчет К удорожания'!U10 -> 0.33993315 | I8: ='Расчет К удорожания'!Z10 -> 0.81428571 | J8: =C8*D8+E8*F8+G8*H8*I8 -> 0.5976277
A9: 7 | B9: СП Эликманар | C9: =C3 -> 0.15431458 | D9: ='Расчет К удорожания'!J11 -> 0.90295589 | E9: =E3 -> 0.42729985 | F9: ='Расчет К удорожания'!O11 -> 0.99327918 | G9: =G3 -> 0.41838557 | H9: ='Расчет К удорожания'!U11 -> 0.77950687 | I9: ='Расчет К удорожания'!Z11 -> 0.81428571 | J9: =C9*D9+E9*F9+G9*H9*I9 -> 0.82933391
B11: план на 1 октября 2024г. | F11: тыс.руб.
A12: № п/п | B12: Сельское поселение | C12: Содержание ОМСУ | D12: Благоустройство (0503) | E12: Прочие | F12: Итого расходы
A13: 1 | B13: СП Анос | C13: 2963.3 | D13: 160.8 | E13: 4276.3 | F13: 7400.4
A14: 2 | B14: СП Бешпельтир | C14: 2118.5 | D14: 69.4 | E14: 2008.6 | F14: 4196.5
A15: 3 | B15: СП Куюс | C15: 2328.9 | D15: 545.2 | E15: 4792.8 | F15: 7666.9
A16: 4 | B16: СП Узнезя | C16: 2568 | D16: 814.7 | E16: 7479.3 | F16: 10862
A17: 5 | B17: СП Чемал | C17: 5033.2 | D17: 41268.7 | E17: 13554.8 | F17: 59856.7
A18: 6 | B18: СП Чепош | C18: 3809.8 | D18: 16644.3 | E18: 19816.6 | F18: 40270.7
A19: 7 | B19: СП Эликманар | C19: 3374.4 | D19: 1958.3 | E19: 8250.8 | F19: 13583.5
B20: Итого: | C20: =SUM(C13:C19) -> 22196.1 | D20: =SUM(D13:D19) -> 61461.4 | E20: =SUM(E13:E19) -> 60179.2 | F20: =SUM(F13:F19) -> 143836.7

Sheet Расчет ИБР
A1: Расчет индекса бюджетных расходов
A2: № п/п | B2: Сельское поселение | C2: К цен | D2: К структуры потребителей мун услуг | E2: численность населения | F2: К цен*К структуры потребителей* численность населения поселения | G2: Общая численность населения | H2: сумма | I2: ИБР
A3: 1 | B3: СП Анос | C3: ='Расчет К удорожания'!F5 -> 1.1063016 | D3: ='Расчет удельного веса расходов'!J3 -> 0.86672969 | E3: 767 | F3: =(C3*D3*E3) -> 735.449 | G3: =E10 -> 10557 | H3: =F10 -> 10507.831 | I3: =C3*D3*G3/H3 -> 0.96335121
A4: 2 | B4: СП Бешпельтир | C4: ='Расчет К удорожания'!F6 -> 1.1318139 | D4: ='Расчет удельного веса расходов'!J4 -> 1.3177811 | E4: 432 | F4: =(C4*D4*E4) -> 644.32068 | G4: =E10 -> 10557 | H4: =F10 -> 10507.831 | I4: =C4*D4*G4/H4 -> 1.4984621
A5: 3 | B5: СП Куюс | C5: ='Расчет К удорожания'!F7 -> 1.2296114 | D5: ='Расчет удельного веса расходов'!J5 -> 1.6754645 | E5: 501 | F5: =(C5*D5*E5) -> 1032.1453 | G5: =E10 -> 10557 | H5: =F10 -> 10507.831 | I5: =C5*D5*G5/H5 -> 2.0698104
A6: 4 | B6: СП Узнезя | C6: ='Расчет К удорожания'!F8 -> 1.0765371 | D6: ='Расчет удельного веса расходов'!J6 -> 1.0742314 | E6: 906 | F6: =(C6*D6*E6) -> 1047.7437 | G6: =E10 -> 10557 | H6: =F10 -> 10507.831 | I6: =C6*D6*G6/H6 -> 1.1618613
A7: 5 | B7: СП Чемал | C7: ='Расчет К удорожания'!F9 -> 1 | D7: ='Расчет удельного веса расходов'!J7 -> 0.95184862 | E7: 4776 | F7: =(C7*D7*E7) -> 4546.029 | G7: =E10 -> 10557 | H7: =F10 -> 10507.831 | I7: =C7*D7*G7/H7 -> 0.9563026
A8: 6 | B8: СП Чепош | C8: ='Расчет К удорожания'!F10 -> 1.1318139 | D8: ='Расчет удельного веса расходов'!J8 -> 0.5976277 | E8: 1255 | F8: =(C8*D8*E8) -> 848.88622 | G8: =E10 -> 10557 | H8: =F10 -> 10507.831 | I8: =C8*D8*G8/H8 -> 0.67956845
A9: 7 | B9: СП Эликманар | C9: ='Расчет К удорожания'!F11 -> 1.0382686 | D9: ='Расчет удельного веса расходов'!J9 -> 0.82933391 | E9: 1920 | F9: =(C9*D9*E9) -> 1653.2569 | G9: =E10 -> 10557 | H9: =F10 -> 10507.831 | I9: =C9*D9*G9/H9 -> 0.86510053
B10: Итого: | E10: =SUM(E3:E9) -> 10557 | F10: =SUM(F3:F9) -> 10507.831

Sheet Расчет НП
A2: Расчет индекса налогового потенциала
Z3: тыс.руб.
A4: № п/п | B4: Сельское поселение | C4: Прогноз поступления доходов по НДФЛ | D4: База налогообложения (фонд начисленной заработной платы) за 2023 г. По отчету ФНС | E4: Общая база налогообложения по району | F4: НП по НДФЛ | G4: Прогноз поступления доходов по ЕСХН | H4: База налогообложения (денежное выражение доходов, уменьшенных на величину расходов) | I4: Общая база налогообложения по району | J4: НП по ЕСХН | K4: Прогноз поступления доходов по налогу на имущ | L4: База налогообложения (Кадастровая стоимость строений, помещений и сооружений, находящихся в собственности физических лиц, по которым налог предъявлен к уплате в бюджет за 2023 год, тыс. руб. (отчет 5 - МН)) | M4: Общая база налогообложения по району | N4: НП по налогу на имущ | O4: Прогноз поступления доходов по земельн | P4: База налогообложения (Кадастровая стоимость земельных участков, находящихся в собственности юридических лиц и физических лиц, по которым налог предъявлен к уплате в бюджет за 2023 год, тыс. руб. (отчет 5 - МН)) | Q4: Общая база налогообложения по району | R4: НП по земельн | S4: НП по госпошлине | T4: НП поселения | U4: Численность населения | V4: Общий НП | W4: Общая численность населения | X4: ИНП | Y4: ИНП с учетом дотации | Z4: Прогноз поступления доходов
A5: 1 | B5: СП Анос | C5: 209.9 | D5: 48054.67 | E5: =D12 -> 1372768.2 | F5: =C5*(D5/E5) -> 7.3476901 | G5: 0 | I5: =H12 -> 643 | J5: =G5*(H5/I5) -> 0 | K5: 97.9 | L5: 44150 | M5: =L12 -> 1135015 | N5: =K5*(L5/M5) -> 3.8081303 | O5: 6400 | P5: 1010789 | Q5: =P12 -> 5543792 | R5: =O5*(P5/Q5) -> 1166.8998 | S5: 0 | T5: =F5+J5+N5+R5+S5 -> 1178.0556 | U5: 767 | V5: =T12 -> 10878.804 | W5: =U12 -> 10557 | X5: =(T5/U5)/(V5/W5) -> 1.4904925 | Y5: =((T5+ДОТАЦИЯ!H4)/'Расчет НП'!U5)/(('Расчет НП'!V5+ДОТАЦИЯ!C4)/'Расчет НП'!W5) -> 0.77653411 | Z5: =C5+G5+K5+O5 -> 6707.8
A6: 2 | B6: СП Бешпельтир | C6: 60.7 | D6: 16078.51 | E6: =D12 -> 1372768.2 | F6: =C6*(D6/E6) -> 0.7109471 | G6: 1 | I6: =H12 -> 643 | J6: =G6*(H6/I6) -> 0 | K6: 28.5 | L6: 5922 | M6: =L12 -> 1135015 | N6: =K6*(L6/M6) -> 0.14870024 | O6: 348 | P6: 120125 | Q6: =P12 -> 5543792 | R6: =O6*(P6/Q6) -> 7.5405968 | S6: 0 | T6: =F6+J6+N6+R6+S6 -> 8.4002441 | U6: 432 | V6: =T12 -> 10878.804 | W6: =U12 -> 10557 | X6: =(T6/U6)/(V6/W6) -> 0.018869811 | Y6: =((T6+ДОТАЦИЯ!H5)/'Расчет НП'!U6)/(('Расчет НП'!V6+ДОТАЦИЯ!C5)/'Расчет НП'!W6) -> 2.8995207 | Z6: =C6+G6+K6+O6 -> 438.2
A7: 3 | B7: СП Куюс | C7: 68.5 | D7: 21507.04 | E7: =D12 -> 1372768.2 | F7: =C7*(D7/E7) -> 1.0731836 | G7: 9.1 | I7: =H12 -> 643 | J7: =G7*(H7/I7) -> 0 | K7: 62.1 | L7: 10824 | M7: =L12 -> 1135015 | N7: =K7*(L7/M7) -> 0.59221279 | O7: 995 | P7: 346631 | Q7: =P12 -> 5543792 | R7: =O7*(P7/Q7) -> 62.213345 | S7: 0 | T7: =F7+J7+N7+R7+S7 -> 63.878741 | U7: 501 | V7: =T12 -> 10878.804 | W7: =U12 -> 10557 | X7: =(T7/U7)/(V7/W7) -> 0.12373085 | Y7: =((T7+ДОТАЦИЯ!H6)/'Расчет НП'!U7)/(('Расчет НП'!V7+ДОТАЦИЯ!C6)/'Расчет НП'!W7) -> 3.9453242 | Z7: =C7+G7+K7+O7 -> 1134.7
A8: 4 | B8: СП Узнезя | C8: 421.2 | D8: 122766.63 | E8: =D12 -> 1372768.2 | F8: =C8*(D8/E8) -> 37.667907 | G8: 2.4 | I8: =H12 -> 643 | J8: =G8*(H8/I8) -> 0 | K8: 982.3 | L8: 235527 | M8: =L12 -> 1135015 | N8: =K8*(L8/M8) -> 203.83711 | O8: 4110 | P8: 679748 | Q8: =P12 -> 5543792 | R8: =O8*(P8/Q8) -> 503.94464 | S8: 0 | T8: =F8+J8+N8+R8+S8 -> 745.44966 | U8: 906 | V8: =T12 -> 10878.804 | W8: =U12 -> 10557 | X8: =(T8/U8)/(V8/W8) -> 0.79845326 | Y8: =((T8+ДОТАЦИЯ!H7)/'Расчет НП'!U8)/(('Расчет НП'!V8+ДОТАЦИЯ!C7)/'Расчет НП'!W8) -> 1.5788514 | Z8: =C8+G8+K8+O8 -> 5515.9
A9: 5 | B9: СП Чемал | C9: 2916.9 | D9: 855072.56 | E9: =D12 -> 1372768.2 | F9: =C9*(D9/E9) -> 1816.8844 | G9: 0 | I9: =H12 -> 643 | J9: =G9*(H9/I9) -> 0 | K9: 3515.1 | L9: 488094 | M9: =L12 -> 1135015 | N9: =K9*(L9/M9) -> 1511.6093 | O9: 10971.3 | P9: 1620287 | Q9: =P12 -> 5543792 | R9: =O9*(P9/Q9) -> 3206.5876 | S9: 0 | T9: =F9+J9+N9+R9+S9 -> 6535.0813 | U9: 4776 | V9: =T12 -> 10878.804 | W9: =U12 -> 10557 | X9: =(T9/U9)/(V9/W9) -> 1.327841 | Y9: =((T9+ДОТАЦИЯ!H8)/'Расчет НП'!U9)/(('Расчет НП'!V9+ДОТАЦИЯ!C8)/'Расчет НП'!W9) -> 0.73399695 | Z9: =C9+G9+K9+O9 -> 17403.3
A10: 6 | B10: СП Чепош | C10: 921 | D10: 218990.45 | E10: =D12 -> 1372768.2 | F10: =C10*(D10/E10) -> 146.92226 | G10: 0 | I10: =H12 -> 643 | J10: =G10*(H10/I10) -> 0 | K10: 689.4 | L10: 181390 | M10: =L12 -> 1135015 | N10: =K10*(L10/M10) -> 110.17499 | O10: 7700 | P10: 948785 | Q10: =P12 -> 5543792 | R10: =O10*(P10/Q10) -> 1317.8064 | S10: 0 | T10: =F10+J10+N10+R10+S10 -> 1574.9036 | U10: 1255 | V10: =T12 -> 10878.804 | W10: =U12 -> 10557 | X10: =(T10/U10)/(V10/W10) -> 1.2177823 | Y10: =((T10+ДОТАЦИЯ!H9)/'Расчет НП'!U10)/(('Расчет НП'!V10+ДОТАЦИЯ!C9)/'Расчет НП'!W10) -> 0.38152433 | Z10: =C10+G10+K10+O10 -> 9310.4
A11: 7 | B11: СП Эликманар | C11: 391.7 | D11: 90298.32 | E11: =D12 -> 1372768.2 | F11: =C11*(D11/E11) -> 25.76535 | G11: 0 | I11: =H12 -> 643 | J11: =G11*(H11/I11) -> 0 | K11: 562.1 | L11: 169108 | M11: =L12 -> 1135015 | N11: =K11*(L11/M11) -> 83.748326 | O11: 4500 | P11: 817427 | Q11: =P12 -> 5543792 | R11: =O11*(P11/Q11) -> 663.52084 | S11: 0 | T11: =F11+J11+N11+R11+S11 -> 773.03451 | U11: 1920 | V11: =T12 -> 10878.804 | W11: =U12 -> 10557 | X11: =(T11/U11)/(V11/W11) -> 0.39071226 | Y11: =((T11+ДОТАЦИЯ!H10)/'Расчет НП'!U11)/(('Расчет НП'!V11+ДОТАЦИЯ!C10)/'Расчет НП'!W11) -> 1.370178 | Z11: =C11+G11+K11+O11 -> 5453.8
B12: Итого: | C12: =SUM(C5:C11) -> 4989.9 | D12: =SUM(D5:D11) -> 1372768.2 | H12: 643 | K12: =SUM(K5:K11) -> 5937.4 | L12: =SUM(L5:L11) -> 1135015 | O12: =SUM(O5:O11) -> 35024.3 | P12: =SUM(P5:P11) -> 5543792 | T12: =SUM(T5:T11) -> 10878.804 | U12: =SUM(U5:U11) -> 10557 | V12: =SUM(V5:V11) -> 76151.626 | W12: 10557 | X12: =(T12/U12)/(V12/W12) -> 0.14285714 | Y12: =((T12+ДОТАЦИЯ!H11)/'Расчет НП'!U12)/(('Расчет НП'!V12+ДОТАЦИЯ!C11)/'Расчет НП'!W12) -> 0.51271136 | Z12: =SUM(Z5:Z11) -> 45964.1

Sheet Расчет БО
A1: Расчет бюджетной обеспеченности
A3: № п/п | B3: Сельское поселение | C3: ИНП | D3: ИБР | E3: БО | F3: ранг
A4: 1 | B4: СП Анос | C4: ='Расчет НП'!X5 -> 1.4904925 | D4: ='Расчет ИБР'!I3 -> 0.96335121 | E4: =C4/D4 -> 1.5471954 | F4: =RANK(E4,E4:E10) -> 2
A5: 2 | B5: СП Бешпельтир | C5: ='Расчет НП'!X6 -> 0.018869811 | D5: ='Расчет ИБР'!I4 -> 1.4984621 | E5: =C5/D5 -> 0.012592784 | F5: =RANK(E5,E4:E10) -> 7
A6: 3 | B6: СП Куюс | C6: ='Расчет НП'!X7 -> 0.12373085 | D6: ='Расчет ИБР'!I5 -> 2.0698104 | E6: =C6/D6 -> 0.059778835 | F6: =RANK(E6,E4:E10) -> 6
A7: 4 | B7: СП Узнезя | C7: ='Расчет НП'!X8 -> 0.79845326 | D7: ='Расчет ИБР'!I6 -> 1.1618613 | E7: =C7/D7 -> 0.68721906 | F7: =RANK(E7,E4:E10) -> 4
A8: 5 | B8: СП Чемал | C8: ='Расчет НП'!X9 -> 1.327841 | D8: ='Расчет ИБР'!I7 -> 0.9563026 | E8: =C8/D8 -> 1.3885155 | F8: =RANK(E8,E4:E10) -> 3
A9: 6 | B9: СП Чепош | C9: ='Расчет НП'!X10 -> 1.2177823 | D9: ='Расчет ИБР'!I8 -> 0.67956845 | E9: =C9/D9 -> 1.7919935 | F9: =RANK(E9,E4:E10) -> 1
A10: 7 | B10: СП Эликманар | C10: ='Расчет НП'!X11 -> 0.39071226 | D10: ='Расчет ИБР'!I9 -> 0.86510053 | E10: =C10/D10 -> 0.45163798 | F10: =RANK(E10,E4:E10) -> 5
B11: Итого: | E11: =SUM(E4:E10) -> 5.938933

Sheet Расчет Тн
B1: Расчет объема средств необходимого для доведения уровня БО до уровня установленного в качестве критерия
A2: № п/п | B2: Сельское поселение | C2: ПНД | D2: Общая численность населения | E2: БО кр | F2: БО поселения | G2: ИБР поселения | H2: Численность населения поселения | I2: Тн (Объем средств необходимый для доведения уровня БО до уровня установленного в качестве критерия)
A3: 1 | B3: СП Анос | C3: ='Расчет ФФП'!A9 -> 45964.1 | D3: ='Расчет К удорожания'!G12 -> 10557 | E3: ='Расчет ФФП'!C9 -> 1.756 | F3: ='Расчет БО'!E4 -> 1.5471954 | G3: ='Расчет ИБР'!I3 -> 0.96335121 | H3: 767 | I3: =(C3/D3)*(E3-F3)*G3*H3 -> 671.73566
A4: 2 | B4: СП Бешпельтир | C4: =C3 -> 45964.1 | D4: =D3 -> 10557 | E4: =E3 -> 1.756 | F4: ='Расчет БО'!E5 -> 0.012592784 | G4: ='Расчет ИБР'!I4 -> 1.4984621 | H4: 432 | I4: =(C4/D4)*(E4-F4)*G4*H4 -> 4913.677
A5: 3 | B5: СП Куюс | C5: =C3 -> 45964.1 | D5: =D3 -> 10557 | E5: =E3 -> 1.756 | F5: ='Расчет БО'!E6 -> 0.059778835 | G5: ='Расчет ИБР'!I5 -> 2.0698104 | H5: 501 | I5: =(C5/D5)*(E5-F5)*G5*H5 -> 7658.2405
A6: 4 | B6: СП Узнезя | C6: =C3 -> 45964.1 | D6: =D3 -> 10557 | E6: =E3 -> 1.756 | F6: ='Расчет БО'!E7 -> 0.68721906 | G6: ='Расчет ИБР'!I6 -> 1.1618613 | H6: 906 | I6: =(C6/D6)*(E6-F6)*G6*H6 -> 4898.3458
A7: 5 | B7: СП Чемал | C7: =C3 -> 45964.1 | D7: =D3 -> 10557 | E7: =E3 -> 1.756 | F7: ='Расчет БО'!E8 -> 1.3885155 | G7: ='Расчет ИБР'!I7 -> 0.9563026 | H7: 4776 | I7: =(C7/D7)*(E7-F7)*G7*H7 -> 7307.6366
A8: 6 | B8: СП Чепош | C8: =C3 -> 45964.1 | D8: =D3 -> 10557 | E8: =E3 -> 1.756 | F8: ='Расчет БО'!E9 -> 1.7919935 | G8: ='Расчет ИБР'!I8 -> 0.67956845 | H8: 1255 | I8: =(C8/D8)*(E8-F8)*G8*H8 -> -133.65323
A9: 7 | B9: СП Эликманар | C9: =C3 -> 45964.1 | D9: =D3 -> 10557 | E9: =E3 -> 1.756 | F9: ='Расчет БО'!E10 -> 0.45163798 | G9: ='Расчет ИБР'!I9 -> 0.86510053 | H9: 1920 | I9: =(C9/D9)*(E9-F9)*G9*H9 -> 9432.8774

Sheet ДОТАЦИЯ
A1: Расчет дотации на 2025-2027 годы
Q2: тыс.руб.
A3: № п/п | B3: Сельское поселение | C3: Объем РФФП | D3: Тн (Объем средств необходимый для доведения уровня БО до уровня установленного в качестве критерия) | E3: сумм Тн | F3: Изменение объема расходов бюджета n-го поселения в очередном финансовом году по сравнению с текущим финансовым годом (ИРО) | G3: Sн | H3: Дотация расчетная | I3: БО до вырав-нивания | J3: Рейтинг | K3: Дотация с учетом коррек-тировки | L3: ИНП с учетом дотации | M3: БО после вырав-нивания | N3: Рейтинг | O3: 2025г. | P3: 2026г. (80%) | Q3: 2027г. (80%)
A4: 1 | B4: СП Анос | C4: ='Расчет ФФП'!B9 -> 23845.1 | D4: ='Расчет Тн'!I3 -> 671.73566 | E4: =D11 -> 34882.513 | G4: 321.8 | H4: =C4*D4/E4+F4+G4 -> 780.98722 | I4: ='Расчет БО'!E4 -> 1.5471954 | J4: =RANK(I4,I4:I10) -> 2 | K4: =1717.7 -> 1717.7 | L4: ='Расчет НП'!Y5 -> 0.77653411 | M4: =L4/'Расчет ИБР'!I3 -> 0.80607582 | N4: =RANK(M4,M4:M10) -> 5 | O4: =1717.7 -> 1717.7 | P4: 1438.5 | Q4: 1438.5
A5: 2 | B5: СП Бешпельтир | C5: =C4 -> 23845.1 | D5: ='Расчет Тн'!I4 -> 4913.677 | E5: =D11 -> 34882.513 | G5: 752.7 | H5: =C5*D5/E5+F5+G5 -> 4111.6071 | I5: ='Расчет БО'!E5 -> 0.012592784 | J5: =RANK(I5,I4:I10) -> 7 | K5: 4844.8 | L5: ='Расчет НП'!Y6 -> 2.8995207 | M5: =L5/'Расчет ИБР'!I4 -> 1.9349976 | N5: =RANK(M5,M4:M10) -> 1 | O5: 4844.8 | P5: 4026.4 | Q5: 4026.4
A6: 3 | B6: СП Куюс | C6: =C4 -> 23845.1 | D6: ='Расчет Тн'!I5 -> 7658.2405 | E6: =D11 -> 34882.513 | G6: 1202.5 | H6: =C6*D6/E6+F6+G6 -> 6437.5446 | I6: ='Расчет БО'!E6 -> 0.059778835 | J6: =RANK(I6,I4:I10) -> 6 | K6: 7333.4 | L6: ='Расчет НП'!Y7 -> 3.9453242 | M6: =L6/'Расчет ИБР'!I5 -> 1.9061284 | N6: =RANK(M6,M4:M10) -> 2 | O6: 7333.4 | P6: 6107.2 | Q6: 6107.2
A7: 4 | B7: СП Узнезя | C7: =C4 -> 23845.1 | D7: ='Расчет Тн'!I6 -> 4898.3458 | E7: =D11 -> 34882.513 | G7: 611.1 | H7: =C7*D7/E7+F7+G7 -> 3959.5269 | I7: ='Расчет БО'!E7 -> 0.68721906 | J7: =RANK(I7,I4:I10) -> 4 | K7: 4041.6 | L7: ='Расчет НП'!Y8 -> 1.5788514 | M7: =L7/'Расчет ИБР'!I6 -> 1.3588983 | N7: =RANK(M7,M4:M10) -> 4 | O7: 4041.6 | P7: 3355.5 | Q7: 3355.5
A8: 5 | B8: СП Чемал | C8: =C4 -> 23845.1 | D8: ='Расчет Тн'!I7 -> 7307.6366 | E8: =D11 -> 34882.513 | H8: =C8*D8/E8+F8+G8 -> 4995.3777 | I8: ='Расчет БО'!E8 -> 1.3885155 | J8: =RANK(I8,I4:I10) -> 3 | K8: 2359.6 | L8: ='Расчет НП'!Y9 -> 0.73399695 | M8: =L8/'Расчет ИБР'!I7 -> 0.7675363 | N8: =RANK(M8,M4:M10) -> 6 | O8: 2359.6 | P8: 1887.7 | Q8: 1887.7
A9: 6 | B9: СП Чепош | C9: =C4 -> 23845.1 | E9: =D11 -> 34882.513 | H9: =C9*D9/E9+F9+G9 -> 0 | I9: ='Расчет БО'!E9 -> 1.7919935 | J9: =RANK(I9,I4:I10) -> 1 | K9: 615.7 | L9: ='Расчет НП'!Y10 -> 0.38152433 | M9: =L9/'Расчет ИБР'!I8 -> 0.56142149 | N9: =RANK(M9,M4:M10) -> 7 | O9: 615.7 | P9: 492.6 | Q9: 492.6
A10: 7 | B10: СП Эликманар | C10: =C4 -> 23845.1 | D10: ='Расчет Тн'!I9 -> 9432.8774 | E10: =D11 -> 34882.513 | G10: 1431.8 | H10: =C10*D10/E10+F10+G10 -> 7879.9566 | I10: ='Расчет БО'!E10 -> 0.45163798 | J10: =RANK(I10,I4:I10) -> 5 | K10: 7252.2 | L10: ='Расчет НП'!Y11 -> 1.370178 | M10: =L10/'Расчет ИБР'!I9 -> 1.5838368 | N10: =RANK(M10,M4:M10) -> 3 | O10: 7252.2 | P10: 6088.1 | Q10: 6088.1
B11: Итого: | D11: =SUM(D4:D10) -> 34882.513 | F11: =SUM(F4:F10) -> 0 | G11: =SUM(G4:G10) -> 4319.9 | H11: =SUM(H4:H10) -> 28165 | K11: =SUM(K4:K10) -> 28165 | O11: =SUM(O4:O10) -> 28165 | P11: =SUM(P4:P10) -> 23396 | Q11: =SUM(Q4:Q10) -> 23396
A13: Размер дотаций на выравнивание бюджетной обеспеченности бюджетам сельских поселений МО "Чемальский район" на 2025-2027 годы
K14: тыс.руб.
A15: № п/п | B15: наименование | C15: 2025 год | F15: 2026 год | I15: 2027 год
C16: Р/Б | D16: М/Б | E16: Итого | F16: Р/Б | G16: М/Б | H16: Итого | I16: М/Б | J16: Р/Б | K16: Итого
A17: 1 | B17: СП Анос | C17: 321.8 | D17: 1395.9 | E17: =C17+D17 -> 1717.7 | F17: 321.8 | G17: 1116.7 | H17: =F17+G17 -> 1438.5 | I17: 321.8 | J17: 1116.7 | K17: =I17+J17 -> 1438.5
A18: 2 | B18: СП Бешпельтир | C18: 752.7 | D18: 4092.1 | E18: =C18+D18 -> 4844.8 | F18: 752.7 | G18: 3273.7 | H18: =F18+G18 -> 4026.4 | I18: 752.7 | J18: 3273.7 | K18: =I18+J18 -> 4026.4
A19: 3 | B19: СП Куюс | C19: 1202.5 | D19: 6130.9 | E19: =C19+D19 -> 7333.4 | F19: 1202.5 | G19: 4904.7 | H19: =F19+G19 -> 6107.2 | I19: 1202.5 | J19: 4904.7 | K19: =I19+J19 -> 6107.2
A20: 4 | B20: СП Узнезя | C20: 611.1 | D20: 3430.5 | E20: =C20+D20 -> 4041.6 | F20: 611.1 | G20: 2744.4 | H20: =F20+G20 -> 3355.5 | I20: 611.1 | J20: 2744.4 | K20: =I20+J20 -> 3355.5
A21: 5 | B21: СП Чемал | D21: 2359.6 | E21: =C21+D21 -> 2359.6 | G21: 1887.7 | H21: =F21+G21 -> 1887.7 | J21: 1887.7 | K21: =I21+J21 -> 1887.7
A22: 6 | B22: СП Чепош | D22: 615.7 | E22: =C22+D22 -> 615.7 | G22: 492.6 | H22: =F22+G22 -> 492.6 | J22: 492.6 | K22: =I22+J22 -> 492.6
A23: 7 | B23: СП Эликманар | C23: 1431.8 | D23: 5820.4 | E23: =C23+D23 -> 7252.2 | F23: 1431.8 | G23: 4656.3 | H23: =F23+G23 -> 6088.1 | I23: 1431.8 | J23: 4656.3 | K23: =I23+J23 -> 6088.1
B24: Итого | C24: =SUM(C17:C23) -> 4319.9 | D24: =SUM(D17:D23) -> 23845.1 | E24: =SUM(E17:E23) -> 28165 | F24: =SUM(F17:F23) -> 4319.9 | G24: =SUM(G17:G23) -> 19076.1 | H24: =SUM(H17:H23) -> 23396 | I24: =SUM(I17:I23) -> 4319.9 | J24: =SUM(J17:J23) -> 19076.1 | K24: =SUM(K17:K23) -> 23396
